 Dungeon Crawl Stone Soup version 0.31.0-11-ge490571c62 (webtiles) character file.

Game seed: 1871842922279727639

49 Gadfly the Ruffian (level 3, 0/26 HPs)
             Began as a Demonspawn Shapeshifter on Jan 27, 2024.
             Slain by Terence
             ... wielding a +0 short sword
              (4 damage)
             ... on level 3 of the Dungeon.
             The game lasted 00:03:13 (1104 turns).

Gadfly the Ruffian (Demonspawn Shapeshifter)        Turns: 1104, Time: 00:03:13

Health: 0/26       AC:  2    Str: 16    XL:     3   Next: 53%
Magic:  3/3        EV: 12    Int: 10    God:
Gold:   71         SH:  0    Dex: 12    Spells: 2/2 levels left

rFire   . .          .
                       - Unarmed
rCold   . . .        (no shield)
rNeg    . . .        a - +0 animal skin
rPois   .            (helmet currently unavailable)
rElec   .            (cloak currently unavailable)
rCorr   +            (gloves currently unavailable)
SInv    +            (boots currently unavailable)
Will    .....        (no amulet)
Stlth   +            h - ring of resist corrosion
HPRegen 0.24/turn    e - ring of see invisible
MPRegen 0.08/turn

%: no passive effects
@: beast-form
A: beast (slay +1), claws 1
a: Begin Untransformation


You were on level 3 of the Dungeon.
You were a hulking beast.
You visited 1 branch of the dungeon, and saw 3 of its levels.

You collected 71 gold pieces.

Inventory:

Armour
 a - a +0 animal skin (worn)
Jewellery
 e - a ring of see invisible (right claw)
 h - a ring of resist corrosion (left claw)
Talismans
 c - a beast talisman
 d - a flux talisman
Scrolls
 g - a scroll of fog {unknown}
 l - a scroll of teleportation
Potions
 b - a potion of lignification
 f - a potion of cancellation {unknown}
 j - a potion of magic
 k - a potion of haste
 m - a potion of ambrosia


   Skills:
 + Level 1.6 Fighting
 * Level 2.4 Dodging
 + Level 3.0 Unarmed Combat
 * Level 1.4 Evocations
 + Level 2.8 Shapeshifting


You had 2 spell levels left.
You didn't know any spells.
Your spell library was empty.

Dungeon Overview and Level Annotations

Branches:
Dungeon (3/15)

Altars:

Annotations:
D:3 Terence


Innate Abilities, Weirdness & Mutations

You are a hulking beast.
Your limbs bulge with bestial killing power. (Slay +1)
You have sharp fingernails.


Message History

The hobgoblin is heavily wounded.
The hobgoblin hits you.
Terence the Incautious comes into view.
He is wielding a +0 short sword, wearing a +2 ring mail of willpower and carrying a wand of flame.
You barely miss the hobgoblin.
The hobgoblin is heavily wounded.
The hobgoblin hits you.
You barely miss the hobgoblin.
The hobgoblin is heavily wounded.
The hobgoblin hits you.
You closely miss the hobgoblin.
The hobgoblin is heavily wounded.
The hobgoblin misses you.
Terence says, "Time to say good-bye..."
You scratch the hobgoblin but do no damage.
The hobgoblin is heavily wounded.
The hobgoblin closely misses you.
You barely miss the hobgoblin.
The hobgoblin is heavily wounded.
The hobgoblin hits you.
You scratch the hobgoblin but do no damage.
The hobgoblin is heavily wounded.
The hobgoblin hits you.
There are monsters nearby!
There are monsters nearby!
You scratch the hobgoblin.
You kill the hobgoblin!
You scratch Terence but do no damage.
Terence zaps a wand.
The puff of flame hits you.
You claw Terence!
Terence is heavily wounded.
Terence barely misses you.
You scratch Terence but do no damage.
Terence is heavily wounded.
Terence hits you with a +0 short sword!
* * * LOW HITPOINT WARNING * * *
You closely miss Terence.
Terence is heavily wounded.
Terence hits you with a +0 short sword.
You die...
Terence says, "That felt goooood."

###########.#####
#<........#.....#
####......#..##.###
....†.....#>......
####......#..##[#
..............##
........###.....#
....#.........##.##
...##.##########h.#
.. #.. ##@# # ...
...# ##.# .# .#


You could see Terence.

Vanquished Creatures
  5 bats
  4 endoplasms
  2 goblins (D:1)
  7 hobgoblins
  9 jackals
  3 quokkas
  5 ball pythons
  A frilled lizard (D:1)
  5 kobolds
  2 rats
43 creatures vanquished.

Notes
Turn   | Place    | Note
-------+----------+-------------------------------------------
     0 | D:1      | Gadfly the Demonspawn Shapeshifter began the quest for the
                  | Orb.
     0 | D:1      | Reached XP level 1. HP: 15/15 MP: 1/1
   124 | D:1      | Gained mutation: You have sharp fingernails. [demonic
                  | ancestry]
   124 | D:1      | Reached XP level 2. HP: 16/21 MP: 2/2
   235 | D:1      | Reached skill level 1 in Evocations
   599 | D:2      | Reached XP level 3. HP: 26/26 MP: 3/3
   843 | D:2      | Reached skill level 3 in Unarmed Combat
  1093 | D:3      | Noticed Terence
  1104 | D:3      | Slain by Terence

Illustrated notes

Levels and vault maps discovered:
D:1:      saegor_arrival_simple_b, layout_basic
D:2:      layout_basic
D:3:      layout_basic, chequers_ecumenical_altar_simple, minivault_14,
          uniq_terence

Skill      XL: |  1  2  3 |
---------------+----------+-----
Dodging        | 2 |  2.4
Evocations     | 1 |  1.4
Unarmed Combat | 3 |  3.0
Fighting       | |  1.6
Shapeshifting  | |  2.8

Action                     || total
---------------------------++-------
  Melee: Unarmed           ||   120
         Punch             ||     2
    Use: Scroll            ||     7
   Stab: Sleeping          ||     1
 Armour: Animal skin       ||    59
  Dodge: Dodged            ||    76
